 Dungeon Crawl Stone Soup version 0.27-a0-679-g77a6b55cf3 (webtiles) character file.

Game seed: 11392636834468252083

10 night the Grasshopper (level 2, -1/19 HPs)
             Began as a Halfling Warper on Mar 18, 2021.
             Slain by a goblin
             ... wielding a +0 dagger
              (3 damage)
             ... on level 1 of the Dungeon.
             The game lasted 00:01:52 (840 turns).

night the Grasshopper (Halfling Warper)              Turns: 840, Time: 00:01:53

Health: -1/19      AC:  3    Str: 12    XL:     2   Next: 30%
Magic:  4/4        EV: 14    Int: 11    God:
Gold:   20         SH:  0    Dex: 13    Spells: 2/4 levels left

rFire    . . .     SeeInvis .   a - +0 short sword
rCold    . . .     Faith    .   (shield restricted)
rNeg     . . .     Spirit   .   b - +0 leather armour
rPois    .         Reflect  .   (no helmet)
rElec    .         Harm     .   (no cloak)
rCorr    .         Rampage  .   (no gloves)
Will     .....                  (no boots)
Stlth    +.........             (no amulet)
HPRegen  0.06/turn              (no ring)
MPRegen  0.09/turn              (no ring)

@: no status effects
A: small, no large weapons, mutation resistance 1
a: no special abilities


You were on level 1 of the Dungeon.
You visited 1 branch of the dungeon, and saw 1 of its levels.

You collected 20 gold pieces.

Inventory:

Hand Weapons
 a - a +0 short sword (weapon)
Missiles
 e - 2 boomerangs of dispersal (quivered)
 f - 2 stones
Armour
 b - a +0 leather armour (worn)
Scrolls
 c - 3 scrolls of identify {unknown}
 d - a scroll of blinking


   Skills:
 + Level 2.0 Fighting
 + Level 2.8 Short Blades
 + Level 1.4(1.8) Slings
 - Level 1.0(1.1) Throwing
 - Level 1.1 Armour
 - Level 2.1 Dodging
 - Level 1.5 Spellcasting
 - Level 3.2 Translocations


You had 2 spell levels left.
You knew the following spells:

 Your Spells              Type           Power      Damage    Failure   Level
a - Blink                 Tloc           N/A        N/A       16%         2

Your spell library contained the following spells:

 Spells                   Type           Power      Damage    Failure   Level
 Gell's Gravitas          Tloc           4%         N/A       30%         3
 Lesser Beckoning         Tloc           4%         N/A       30%         3
 Teleport Other           Tloc           8%         N/A       30%         3
 Manifold Assault         Tloc           8%         N/A       69%         4


Dungeon Overview and Level Annotations

Branches:
Dungeon (1/15)

Altars:


Innate Abilities, Weirdness & Mutations

You are small and have problems with some larger weapons.
You are somewhat resistant to further mutation.


Message History

The hobgoblin barely misses you.
You completely miss the hobgoblin.
The hobgoblin is moderately wounded.
The hobgoblin barely misses you. The goblin hits you with a +0 dagger.
You hit the hobgoblin but do no damage.
The hobgoblin is moderately wounded.
The hobgoblin hits you with a +0 club. The goblin hits you but does no damage.
The bat hits you but does no damage. The bat completely misses you.
The goblin hits you with a +0 dagger. The bat hits you but does no damage.
The bat hits you but does no damage. x2
The bat misses you. The bat closely misses you. The bat hits you.
You hit the bat.
You kill the bat!
The hobgoblin hits you with a +0 club.
* * * LOW HITPOINT WARNING * * *
Throw: 5 boomerangs (disperse)
Press: ? - help, Q - select action, (/) - cycle Shift-Dir - straight line, f - hobgoblin
Aim: a hobgoblin, wielding a +0 club (57% to hit)
You throw a boomerang of dispersal.
The boomerang of dispersal barely misses the hobgoblin.
The hobgoblin completely misses you.
Throw: 4 boomerangs (disperse)
Press: ? - help, Q - select action, (/) - cycle Shift-Dir - straight line, f - goblin, p - hobgoblin
Aim: a goblin, wielding a +0 dagger (50% to hit)
You throw a boomerang of dispersal.
The boomerang of dispersal hits the hobgoblin.
The hobgoblin blinks!
You kill the hobgoblin!
Throw: 3 boomerangs (disperse)
Press: ? - help, Q - select action, (/) - cycle Shift-Dir - straight line, f/p - goblin
Aim: a goblin, wielding a +0 dagger (translocational energy, 50% to hit)
You throw a boomerang of dispersal.
The boomerang of dispersal hits the goblin.
The goblin blinks!
The goblin is moderately wounded.
The goblin hits you with a +0 dagger.
You die...

#####'''#######..# #......# .
#...........#g#..###....###
#..8.###.8..###..........###
§............§#..........#..
§............§#.........##.#.....
≈...........≈≈#.........##.#....
§≈≈.......≈≈≈≈#.).......##.##...
§§§§§§.§≈≈§§§§#.........##.##..##
≈§§§§≈§≈≈≈§§§≈#.@.......#...#...#
###############g.#+#........##...
..........#.######.#.....#
..........#.###...........
........#.......#.######..
........#.##....#... ..
.......÷)..#.#.##..... ..
...........#.#..+.........
..###+##......###........#


You could see a goblin.

Vanquished Creatures
  A giant cockroach (D:1)
  2 hobgoblins (D:1)
  A bat (D:1)
  2 frilled lizards (D:1)
  A goblin (D:1)
  2 kobolds (D:1)
  3 rats (D:1)
12 creatures vanquished.

Notes
Turn   | Place    | Note
-------+----------+-------------------------------------------
     0 | D:1      | night the Halfling Warper began the quest for the Orb.
     0 | D:1      | Reached XP level 1. HP: 14/14 MP: 3/3
   383 | D:1      | Reached skill level 1 in Slings
   387 | D:1      | Reached skill level 2 in Fighting
   387 | D:1      | Reached XP level 2. HP: 8/19 MP: 4/4
   571 | D:1      | Learned a level 2 spell: Blink
   832 | D:1      | HP: 2/19 [hobgoblin/+0 club (4)]
   840 | D:1      | Slain by a goblin

Illustrated notes

Levels and vault maps discovered:
D:1:      lordsloth_arrival_two_stooges, layout_basic, st_stairs_3, minivault_24

Skill      XL: |  1 |
---------------+----+-----
Slings         | 1 |  1.4
Fighting       | 2 |  2.0
Short Blades   | |  2.8
Throwing       | |  1.0
Armour         | |  1.1
Dodging        | |  2.1
Spellcasting   | |  1.5
Translocations | |  3.2

Action                   || total
-------------------------++-------
Melee: Short sword       ||    44
Throw: Boomerang         ||     3
Armor: Leather armour    ||     9
Dodge: Dodged            ||    24

Table legend: (Time is in decaauts)
 A = Elapsed time spent in this place.
 B = Non-inter-level travel time spent in this place.
 C = Inter-level travel time spent in this place.
 D = Time resting spent in this place.
 E = Time spent auto-exploring this place.
 F = Levels seen in this place.
 G = Mean time per level.
                   A        B        C        D        E       F      G
               +--------+--------+--------+--------+--------+-----+--------+
         Total |    839 |    839 |      0 |    557 |    160 |   1 |  839.0 |
       Dungeon |    839 |    839 |      0 |    557 |    160 |   1 |  839.0 |
               +--------+--------+--------+--------+--------+-----+--------+

Top non-repeatable levels by time:
     D:1: 839 daAuts
